 Dungeon Crawl Stone Soup version 0.26-a0-682-g294304f6e8 (webtiles) character file.

Game seed: 2761400943449455523

(classic levelgen) 10 EnegeticOcto the Stinger (level 2, 14/17 HPs)
             Began as a Halfling Venom Mage on Oct 21, 2020.
             Was a Follower of Qazlal.
             Quit the game on level 2 of the Dungeon.
             The game lasted 00:01:11 (184 turns).

EnegeticOcto the Stinger (Halfling Venom Mage)       Turns: 184, Time: 00:01:11

Health: 14/17      AC:  2    Str:  9    XL:     2   Next: 30%
Magic:  0/4        EV: 15    Int: 13    God:    Qazlal [*.....]
Gold:   32         SH:  1    Dex: 14    Spells: 3/4 levels left

rFire    . . .     SeeInvis .   (weapon restricted)
rCold    . . .     Faith    .   (shield restricted)
rNeg     . . .     Spirit   .   a - +0 robe
rPois    .         Reflect  .   (no helmet)
rElec    .         Harm     .   (no cloak)
rCorr    .         Rampage  .   (no gloves)
MR       .....                  (no boots)
Stlth    ++........             (no amulet)
HPRegen  0.05/turn              (no ring)
MPRegen  0.09/turn              (no ring)

@: no status effects
A: small, mutation resistance 1
a: Renounce Religion


You were on level 2 of the Dungeon.
You worshipped Qazlal.
Qazlal was aware of your devotion.
You visited 1 branch of the dungeon, and saw 2 of its levels.

You collected 32 gold pieces.

Inventory:

Missiles
 b - 42 stones (quivered)
Armour
 a - a +0 robe (worn)
Scrolls
 d - a scroll of identify {unknown}
Potions
 c - a potion of degeneration {unknown}
 e - a potion of stabbing {unknown}


   Skills:
 - Level 2.1 Dodging
 - Level 2.1 Stealth
 - Level 1.5 Spellcasting
 - Level 0.5 Transmutations
 + Level 3.6 Poison Magic


You had 3 spell levels left.
You knew the following spells:

 Your Spells              Type           Power        Failure   Level
a - Sting                 Tmut/Pois      #...         12%         1

Your spell library contained the following spells:

 Spells                   Type           Power        Failure   Level
 Poisonous Vapours        Pois/Air       #.....       19%         2
 Ignite Poison            Fire/Tmut/Pois #.......     41%         3
 Mephitic Cloud           Conj/Pois/Air  #.......     43%         3
 Olgreb's Toxic Radiance  Pois           ##......     52%         4


Dungeon Overview and Level Annotations

Branches:
Dungeon (2/15)

Altars:
Qazlal


Innate Abilities, Weirdness & Mutations

You are small and have problems with some larger weapons.
You are somewhat resistant to further mutation.


Message History

Aiming: Sting (safe; 12% risk of failure)
Press: ? - help, Shift-Dir - straight line, f/p - rat
Aim: a rat You miscast Sting.
Nothing appears to happen.
The rat misses you.
You hit the rat but do no damage. The rat barely misses you.
You barely miss the rat. The rat closely misses you.
You hit the rat but do no damage. The rat completely misses you.
Casting: Sting (safe; 12% risk of failure)
Confirm with . or Enter, or press ? or * to list all spells.
Aiming: Sting (safe; 12% risk of failure)
Press: ? - help, Shift-Dir - straight line, f/p - rat
Aim: a rat The sting hits the rat.
The rat is poisoned.
The rat is severely wounded.
You kill the rat!
Your magical contamination has completely faded away.
You see here a kobold corpse.
(D) Dungeon
Where to? (? - help)
You see here a rat corpse.
There is a stone staircase leading down here.
You climb downwards.
A bat and a quokka come into view.
Found a faded altar of an unknown god.
There is a stone staircase leading up here.
Found 22 stones.
Casting: Sting (safe; 12% risk of failure)
Confirm with . or Enter, or press ? or * to list all spells.
Aiming: Sting (safe; 12% risk of failure)
Press: ? - help, Shift-Dir - straight line, f - quokka
Aim: a quokka (asleep)
The sting hits the quokka but does no damage.
The quokka is poisoned.
Casting: Sting (safe; 12% risk of failure)
Confirm with . or Enter, or press ? or * to list all spells.
Aiming: Sting (safe; 12% risk of failure)
Press: ? - help, Shift-Dir - straight line, f/p - quokka
Aim: a quokka (poisoned)
The sting hits the quokka.
The quokka looks even sicker.
The quokka is heavily wounded.
There is a stone staircase leading up here.
You closely miss the quokka.
The quokka is almost dead.
The quokka bites you but does no damage.
The quokka completely misses you.
You hit the quokka.
You kill the quokka!
Casting: Sting (safe; 12% risk of failure)
Confirm with . or Enter, or press ? or * to list all spells.
Aiming: Sting (safe; 12% risk of failure)
Press: ? - help, Shift-Dir - straight line, f - bat
Aim: a bat You miscast Sting.
You are very lightly contaminated with residual magic.
Nothing appears to happen.
The bat closely misses you. The bat misses you. The bat barely misses you.
The bat hits you but does no damage. The bat misses you.
A frilled lizard comes into view.
There is a faded altar of an unknown god here.
You cannot tell which god this altar belongs to.
Convert to them anyway?
Qazlal accepts your prayer! Qazlal welcomes you!
Qazlal grants you and your divine allies immunity to clouds.
You are now surrounded by a storm.
The bat barely misses you.
Your magical contamination has completely faded away.
The bat hits you but does no damage. The bat hits you.
A hobgoblin comes into view.
The hobgoblin shouts!
A bat comes into view.
The bat closely misses you.
The bat moves out of view.
Casting: Sting (safe; 12% risk of failure)
Confirm with . or Enter, or press ? or * to list all spells.
Aiming: Sting (safe; 12% risk of failure)
Press: ? - help, Shift-Dir - straight line, f/p - bat
Aim: a bat The sting hits the bat.
The bat is poisoned.
You kill the bat!
Qazlal accepts your kill.
A rat comes into view.
Casting: Sting (safe; 12% risk of failure)
Confirm with . or Enter, or press ? or * to list all spells.
You don't have enough magic to cast that spell.
You hit the frilled lizard.
You kill the frilled lizard!
Qazlal accepts your kill.
A worm comes into view.
You see here 22 stones.
The hobgoblin closely misses you.
Found an escape hatch in the ceiling.
The bat hits you but does no damage. The bat misses you.
You see here 22 stones.
The bat barely misses you.
Casting: Sting (safe; 12% risk of failure)
Confirm with . or Enter, or press ? or * to list all spells.
You don't have enough magic to cast that spell.
Are you sure you want to abandon this character and quit the game? (Confirm with "yes".)

#.#.#####
#.#.#...#
##.#.#.#.#
...#.#...# .
#......# ...
###....†<#
.....####.†.....##
<......b(g@#.....#
###....r#.#_#...##
........#..#..+##
..w.....#......#
........####....#
........# #.#..#
........# #.#..#
........# #.##.#
.. ..


You could see a hobgoblin, a bat and a rat.

Vanquished Creatures
  A dart slug (D:1)
  A giant cockroach (D:1)
  A kobold (D:1)
  A quokka (D:2)
  A ball python (D:1)
  A bat (D:2)
  A frilled lizard (D:2)
  2 rats (D:1)
9 creatures vanquished.

Notes
Turn   | Place    | Note
-------+----------+-------------------------------------------
     0 | D:1      | EnegeticOcto the Halfling Venom Mage began the quest for
                  | the Orb.
     0 | D:1      | Reached XP level 1. HP: 11/11 MP: 3/3
   101 | D:1      | Reached XP level 2. HP: 10/17 MP: 0/4
   161 | D:2      | Found a faded altar of an unknown god.
   174 | D:2      | Became a worshipper of Qazlal Stormbringer
   174 | D:2      | Reached * piety under Qazlal
   184 | D:2      | Quit the game

Illustrated notes

Levels and vault maps discovered:
D:1:      mrwooster_arrival_statue_2, layout_basic, kennysheep_minor_cross,
          minmay_small_reverse_x
D:2:      layout_basic, chequers_ecumenical_altar_simple

Action                   || total
-------------------------++-------
Melee: Unarmed           ||    12
 Cast: Sting             ||     9
Armor: Robe              ||     4
Dodge: Dodged            ||    23

Table legend: (Time is in decaauts)
 A = Elapsed time spent in this place.
 B = Non-inter-level travel time spent in this place.
 C = Inter-level travel time spent in this place.
 D = Time resting spent in this place.
 E = Time spent auto-exploring this place.
 F = Levels seen in this place.
 G = Mean time per level.
                   A        B        C        D        E       F      G
               +--------+--------+--------+--------+--------+-----+--------+
         Total |    183 |    174 |      9 |      0 |      0 |   2 |   91.5 |
       Dungeon |    183 |    174 |      9 |      0 |      0 |   2 |   91.5 |
               +--------+--------+--------+--------+--------+-----+--------+

Top non-repeatable levels by time:
     D:1: 161 daAuts
     D:2: 22 daAuts
